 Dungeon Crawl Stone Soup version 0.27.0-1-g7a089689b8 (webtiles) character file.

Game seed: 5533337101590455927

72 lmSkywalker the Stinger (level 4, -1/33 HPs)
             Began as a Draconian Venom Mage on Aug 3, 2021.
             Succumbed to a goblin's poison
             ... on level 2 of the Dungeon.
             The game lasted 00:05:28 (1793 turns).

lmSkywalker the Stinger (Draconian Venom Mage)      Turns: 1793, Time: 00:05:28

Health: -1/33      AC:  6    Str: 10    XL:     4   Next: 6%
Magic:  6/7        EV: 12    Int: 16    God:
Gold:   54         SH:  0    Dex: 12    Spells: 2/8 levels left

rFire    . . .     SeeInvis .   c - +0 short sword
rCold    . . .     Faith    .   (no shield)
rNeg     . . .     Spirit   .   (armour unavailable)
rPois    .         Reflect  .   (helmet restricted)
rElec    .         Harm     .   b - +0 cloak
rCorr    .         Rampage  .   (no gloves)
Will     .....                  (no boots)
Stlth    ++........             (no amulet)
HPRegen  0.11/turn              (no ring)
MPRegen  0.10/turn              (no ring)

@: lethally poisoned (-1 -> -8), attractive
A: AC +5, unfitting armour, cold-blooded
a: no special abilities


You were on level 2 of the Dungeon.
You visited 1 branch of the dungeon, and saw 2 of its levels.

You collected 54 gold pieces.

Inventory:

Hand Weapons
 c - a +0 short sword (weapon)
Armour
 b - a +0 cloak (worn)
 g - a +0 kite shield
Scrolls
 a - a scroll of fear {unknown}
 e - a scroll of identify {unknown}
 f - a scroll of blinking {unknown}


   Skills:
 - Level 1.7 Dodging
 - Level 1.7 Stealth
 + Level 2.5 Spellcasting
 + Level 0.8 Conjurations
 - Level 1.0 Transmutations
 + Level 1.4 Air Magic
 + Level 4.0 Poison Magic


You had 2 spell levels left.
You knew the following spells:

 Your Spells              Type           Power      Damage    Failure   Level
a - Sting                 Tmut/Pois      40%        1d5       7%          1
b - Poisonous Vapours     Pois/Air       20%        N/A       10%         2
c - Mephitic Cloud        Conj/Pois/Air  8%         N/A       26%         3

Your spell library contained the following spells:

 Spells                   Type           Power      Damage    Failure   Level
 Olgreb's Toxic Radiance  Pois           15%        N/A       36%         4


Dungeon Overview and Level Annotations

Branches:
Dungeon (2/15)

Altars:

Annotations:
D:1 exclusion: downstairs
D:2 exclusions: 2 adders and gnoll, Robin


Innate Abilities, Weirdness & Mutations

Your plain brown scales are hard. (AC +5)
You cannot fit into any form of body armour.
You are cold-blooded and may be slowed by cold attacks.


Message History

You barely miss the goblin.
You feel very sick. The goblin closely misses you.
You hit the goblin.
The goblin is heavily wounded.
You feel sick.
The goblin hits you with a +2 dagger of venom.
You are more poisoned.
The goblin hits you but does no damage.
The hobgoblin hits you but does no damage.
Casting: Sting (safe; 7% risk of failure)
Confirm with . or Enter, or press ? or * to list all spells.
Aiming: Sting (safe; 7% risk of failure)
Press: ? - help, Shift-Dir - straight line, f - goblin
Aim: a goblin, wielding a +0 dagger (heavily wounded, 64% to hit)
The sting misses the goblin.
You feel very sick.
Robin says, "A pitiful Draconian like you will never find the ORB!"
Robin roars a battlecry!
The goblins go into a battle-frenzy!
The goblin hits you with a +2 dagger of venom.
You are lethally poisoned!
The goblin closely misses you. The hobgoblin misses you.
You hit the goblin.
You kill the goblin!
You feel very sick. The goblin misses you. The hobgoblin closely misses you.
* * * LOW HITPOINT WARNING * * *
You feel very sick.
Items here: )) ††.
* * * LOW HITPOINT WARNING * * *
You feel very sick.
* * * LOW HITPOINT WARNING * * *
You feel very sick.
Okay, then.
* * * LOW HITPOINT WARNING * * *
You feel sick.
It was a potion of attraction.
You feel attractive to monsters.
You die...

#..........#
........#..........# #+#
# ........#....†.....#
#.#.#
....?...#..........#
#.#.#
........#..........#
#.... ...g<.#..........#
#.#.#
.g).#..........#####....
#g##...........)†......
#g.ggg@.......#####.#..
############### #.# #.#
#.#.. #.#.# #.#.# #.#.#
#.#.# #.#.#


You could see 2 hobgoblins and 3 goblins.

Vanquished Creatures
  Natasha (D:2)
  A worm (D:2)
  A dart slug (D:1)
  2 ball pythons (D:1)
  3 bats
  3 endoplasms (D:1)
  2 giant cockroaches (D:1)
  6 goblins
  4 hobgoblins
  4 jackals (D:1)
  6 kobolds (D:1)
  4 rats (D:1)
37 creatures vanquished.

Notes
Turn   | Place    | Note
-------+----------+-------------------------------------------
     0 | D:1      | lmSkywalker the Draconian Venom Mage began the quest for
                  | the Orb.
     0 | D:1      | Reached XP level 1. HP: 14/14 MP: 3/3
   297 | D:1      | Reached XP level 2. HP: 19/20 MP: 1/5
   338 | D:1      | Learned a level 2 spell: Poisonous Vapours
   927 | D:1      | Reached XP level 3. HP: 24/26 MP: 3/6
  1067 | D:1      | Reached skill level 1 in Air Magic
  1095 | D:1      | Learned a level 3 spell: Mephitic Cloud
  1643 | D:2      | Noticed Natasha
  1654 | D:2      | Killed Natasha
  1655 | D:2      | Reached skill level 4 in Poison Magic
  1727 | D:2      | Reached XP level 4. HP: 33/33 MP: 2/7
  1782 | D:2      | Noticed Robin
  1792 | D:2      | HP: 1/33 [poisoned by a goblin]
  1793 | D:2      | Succumbed to a goblin's poison

Illustrated notes

Levels and vault maps discovered:
D:1:      lemuel_arrival_cross, layout_loops_ring, st_stairs_9
D:2:      layout_basic, minmay_hedge_maze, grunt_decor_mini_mirrors,
          minmay_goblin_outpost, uniq_natasha, uniq_robin

Skill      XL: |  1  2  3 |
---------------+----------+-----
Air Magic      | 1 |  1.4
Poison Magic   | 4 |  4.0
Dodging        | |  1.7
Stealth        | |  1.7
Spellcasting   | |  2.5
Conjurations   | |  0.8
Transmutations | |  1.0

Action                   |  1- 3 |  4- 6 || total
-------------------------+-------+-------++-------
Melee: Unarmed           |    20 |       ||    20
       Tailslap          |     8 |       ||     8
       Short sword       |    65 |     4 ||    69
 Cast: Sting             |    32 |     2 ||    34
       Poisonous Vapours |     9 |       ||     9
  Use: Potion            |       |     1 ||     1
 Stab: Sleeping          |     1 |       ||     1
Armor: Skin              |    28 |     5 ||    33
Dodge: Dodged            |    43 |     5 ||    48
